 Dungeon Crawl Stone Soup version 0.22-a0-425-g89d60a1 (webtiles) character file.

124361 Mgcat the Warrior (level 16, -9/159 HPs)
             Began as a Purple Draconian Berserker on May 24, 2018.
             Was a High Priest of Trog.
             Shot with an arrow by a naga sharpshooter (23 damage)
             ... on level 1 of the Snake Pit.
             The game lasted 01:37:04 (30664 turns).

Mgcat the Warrior (Purple Draconian Berserker)     Turns: 30664, Time: 01:37:05

Health: -9/159     AC: 14    Str: 27    XL:     16   Next: 39%
Magic:  16/16      EV: 21    Int:  7    God:    Trog [*****.]
Gold:   1708       SH:  6    Dex: 13    Spells: 15/15 levels left

rFire    + . .     SeeInvis .   v - +5 broad axe (flame)
rCold    . . .     Gourm    .   u - +1 buckler {reflect}
rNeg     + + .     Faith    .   (armour unavailable)
rPois    .         Spirit   .   (helmet restricted)
rElec    .         Reflect  +   j - +0 cloak
rCorr    .         Harm     .   g - +1 pair of gloves
MR       ++++.                  w - +1 pair of boots
Stlth    +.........             (no amulet)
HPRegen  1.36/turn              d - ring of positive energy {rN+}
MPRegen  0.15/turn              K - ring of positive energy {rN+}

@: lethally poisoned (-9 -> -9), regenerating
A: breathe power, unfitting armour, fire resistance 1, strong 1, cold-blooded,
AC +9
a: Breathe Dispelling Energy, Berserk, Trog's Hand, Brothers in Arms, Renounce
Religion


You were on level 1 of the Snake Pit.
You worshipped Trog.
Trog was extremely pleased with you.
You were not hungry.

You visited 5 branches of the dungeon, and saw 25 of its levels.
You also visited: Ice Cave.

You collected 2299 gold pieces.
You spent 591 gold pieces at shops.

Inventory:

Hand Weapons
 n - the +8 flail of the Lumpy Realms {freeze, Int+3 Dex+4}
   (You found it on level 11 of the Dungeon)

   It has been specially enchanted to freeze those struck by it, causing extra
   injury to most foes and up to half again as much damage against particularly
   susceptible opponents.
   It can also slow down cold-blooded creatures.
   It affects your intelligence (+3).
   It affects your dexterity (+4).
 v - a +5 broad axe of flaming (weapon)
   (You found it on level 2 of the Lair of Beasts)
 x - a +7 battleaxe of chopping
   (Trog gifted it to you on level 13 of the Dungeon)
 P - a +0 antimagic executioner's axe
   (Trog gifted it to you on level 4 of the Lair of Beasts)
Missiles
 q - 6 curare-tipped needles
 M - a throwing net {=f, !d}
Armour
 g - a +1 pair of gloves (worn)
   (You found it on level 1 of the Dungeon)
 j - a +0 cloak (worn)
   (You found it on level 1 of the Dungeon)
 u - a +1 buckler of reflection (worn)
   (You acquired it on level 7 of the Dungeon)
 w - a +1 pair of boots (worn)
   (You found it on level 2 of the Lair of Beasts)
 z - a +1 buckler of protection
   (You took it off a tengu warrior on level 14 of the Dungeon)
Jewellery
 d - a ring of positive energy (left hand) {rN+}
   (You found it on level 11 of the Dungeon)
 K - a ring of positive energy (right hand) {rN+}
   (You found it on level 5 of the Lair of Beasts)
Wands
 o - a wand of scattershot (1)
   (You found it on level 8 of the Dungeon)
 y - a wand of paralysis (11)
   (You found it on level 1 of the Lair of Beasts)
 A - a wand of polymorph (13)
   (You found it on level 3 of the Lair of Beasts)
 E - a wand of iceblast (26)
   (You found it on level 10 of the Dungeon)
Scrolls
 c - 12 scrolls of remove curse
 h - a scroll of blinking {!r}
 k - 15 scrolls of teleportation
 m - 8 scrolls of identify
 s - a scroll of brand weapon
 D - a scroll of fear
 F - 5 scrolls of fog
 I - a scroll of holy word {!r}
 N - 3 scrolls of magic mapping {!r}
Potions
 a - a potion of resistance
 e - a potion of curing
 f - a potion of mutation {!q}
 i - 2 potions of agility
 p - 2 potions of flight
 r - 4 potions of lignification {!q}
 t - 3 potions of might
 B - a potion of heal wounds
 G - a potion of haste
 O - 2 potions of invisibility
Miscellaneous
 l - 3 boxes of beasts
 C - a lightning rod (4/4)
   (You found it on level 3 of the Lair of Beasts)
Comestibles
 b - 47 rations


   Skills:
 + Level 18.7 Fighting
 + Level 17.4 Axes
 + Level 13.9 Dodging
 - Level 4.0 Shields


You had 15 spell levels left.
You didn't know any spells.
Your spell library was empty.

Dungeon Overview and Level Annotations

Branches:
Dungeon (15/15)            Temple (1/1) D:4            Lair (6/6) D:8
 Shoals (0/4) Lair:4        Snake (1/4) Lair:3        Slime (0/5) Lair:6
    Orc (2/2) D:11            Elf (0/3) Orc:2        Vaults (0/5) D:13
 Depths (0/5) D:15

Altars:
Ashenzari
Cheibriados
Gozag
Hepliaklqana
Kikubaaqudgha
Makhleb
Okawaru
Qazlal
Ru
Trog
Uskayaw
Vehumet
Xom
The Shining One
Beogh
Jiyva

Shops:
D:6 :   Orc:2 :(??


Innate Abilities, Weirdness & Mutations

You can breathe bolts of dispelling energy.
Your rich purple scales are hard. (AC +9)
You cannot fit into any form of body armour.
You are cold-blooded and may be slowed by cold attacks.
Your flesh is heat resistant. (rF+)
Your muscles are strong. (Str +2)


Message History

The naga sharpshooter is moderately wounded.
You slash the naga! You burn the naga. The naga misses you.
The naga constricts you.
The shock serpent shoots out a bolt of lightning at you!
The bolt of electricity misses you. The bolt of electricity hits you!
The bolt of electricity hits the naga.
The naga dies!
The naga sharpshooter mumbles some strange words.
The naga sharpshooter magically shoots an arrow.
The arrow hits you!
The naga sharpshooter shoots an arrow.
You reflect the arrow off your +1 buckler of reflection!
The arrow misses the naga sharpshooter.
You feel sick.
You are no longer poisoned.
You fail to use your ability.
Your skin crawls.
You feel resistant to hostile enchantments.
You feel somewhat more hungry. The naga spits poison at you.
The splash of poison misses you.
The naga sharpshooter shoots an arrow.
The arrow hits you!!
* * * LOW HITPOINT WARNING * * *
Your two-headed ogre goes berserk!
You feel somewhat more hungry. The naga completely misses you.
The naga sharpshooter mumbles some strange words.
The naga sharpshooter magically shoots an arrow.
You reflect the arrow off your +1 buckler of reflection!
The naga sharpshooter spits poison at you.
The splash of poison hits your two-headed ogre.
You feel better.
The shock serpent bites your two-headed ogre.
The shock serpent shocks your two-headed ogre!
The naga sharpshooter casts a spell.
The naga sharpshooter magically shoots an arrow.
The arrow hits you!
* * * LOW HITPOINT WARNING * * *
Your two-headed ogre hits the shock serpent with a giant club!!!
The shock serpent's electric aura discharges violently, shocking your two-headed ogre!
Your two-headed ogre hits the shock serpent with a giant club!!
The shock serpent dies!
Trog accepts your kill.
The air sparks with electricity, shocking your two-headed ogre!
Your two-headed ogre closely misses the naga.
Your two-headed ogre hits the naga with a giant club!
The naga spits poison at your two-headed ogre.
The splash of poison hits your two-headed ogre.
Your two-headed ogre is poisoned.
You closely miss the naga. You tail-slap the naga.
The naga is severely wounded.
The black mamba bites your two-headed ogre!
Your two-headed ogre looks as sick as possible!
The black mamba poisons your two-headed ogre!
Your two-headed ogre misses the black mamba.
Your two-headed ogre hits the black mamba with a giant club!!!
The naga sharpshooter shoots an arrow.
The arrow hits your two-headed ogre!
The black mamba bites your two-headed ogre!
Your two-headed ogre dies!
Your two-headed ogre's corpse disappears in a puff of smoke!
You barely miss the naga.
You tail-slap the naga, but do no damage.
The naga is severely wounded.
The naga barely misses you. x2
You hit the naga. You burn the naga.
The naga is almost dead.
The naga sharpshooter mumbles some strange words.
The naga sharpshooter magically shoots an arrow.
The arrow hits you!
* * * LOW HITPOINT WARNING * * *
The naga hits you with a glaive!!
* * * LOW HITPOINT WARNING * * *
You block the naga's attack.
As you read the scroll of fear, it crumbles to dust.
You assume a fearsome visage.
The naga sharpshooter looks frightened!
The naga looks frightened!
The black mamba looks frightened!
You feel better.
Your ogre goes berserk!
You feel somewhat more hungry. The naga spits poison at you.
The splash of poison hits you!
You are poisoned.
* * * LOW HITPOINT WARNING * * *
You feel sick.
You see here 2 arrows.
Your ogre rages.
You feel sick.
Your ogre closely misses the naga.
The naga sharpshooter shoots an arrow.
The arrow barely misses your ogre. The arrow completely misses you.
Your ogre hits the naga with a giant club!
The naga dies!
Trog accepts your kill.
You feel sick.
The naga sharpshooter shoots an arrow.
The arrow hits your ogre!!
The naga sharpshooter seems to regain its courage.
Your ogre hits the naga sharpshooter with a giant club.
The naga sharpshooter gestures wildly while chanting.
The naga sharpshooter magically shoots an arrow.
The arrow hits you!!
You die...

# ##. #.# ##.# ... #.(##
...... #.(.# ...... ###.(@#
......###.#(..#
......#...#.(.#
..........#†..### ##
........S.(#O)..### #.#
........().N####..########..##
.........(#.....#..##.....# .#
........#####...#.#...##..##.#
......... #####.####..#.....


You could see a naga sharpshooter and a friendly ogre (berserk).

Vanquished Creatures
  Rupert (D:13)
  Donald (Orc:2)
  A stone giant (Orc:2)
  Nessos (Lair:4)
  Snorg (D:10)
  A fire dragon (D:14)
  Erolcha (D:13)
  A yaktaur captain (D:15)
  A great orb of eyes (D:15)
  6 hydras
  2 catoblepae (D:15)
  7 centaur warriors
  15 two-headed ogres
  2 ogre magi (D:15)
  9 death yaks
  2 tengu warriors
  Sonja (D:14)
  5 orc high priests
  The ghost of TheNamelessOne the Transmogrifier, a novice OpTm of Cheibriados (D:8)
  11 skeletal warriors
  4 unseen horrors
  Pikel (D:4)
  6 orc knights
  22 ugly things
  3 deep elf magi
  A wolf spider (D:15)
  3 orc sorcerers (Orc:2)
  A cyclops (Orc:2)
  2 manticores
  An elephant (Lair:3)
  2 ice statues (IceCv)
  15 black mambas
  2 merfolk sirens (Lair:4)
  3 naga magi (Snake:1)
  13 spiny frogs
  A torpor snail (Lair:5)
  A centaur skeleton (D:15)
  A kobold demonologist (D:14)
  3 komodo dragons
  5 rime drakes
  A yaktaur (D:15)
  A yaktaur (shapeshifter) (D:15)
  2 tengu conjurers
  An efreet (D:15)
  5 trolls
  A queen bee (D:13)
  8 polar bears
  3 meliai (D:13)
  Grinder (D:5)
  2 merfolk (Lair:4)
  4 hornets (Lair:6)
  Prince Ribbit (Lair:2)
  10 blink frogs
  4 slime creatures (D:12)
  2 dream sheep (Lair:6)
  12 hippogriffs
  14 spriggans
  A centaur simulacrum (D:14)
  17 yaks
  A wraith (D:13)
  A vampire (D:15)
  3 wyverns
  16 humans (D:13)
  3 basilisks
  5 hungry ghosts
  Menkaure (D:5)
  12 vampire mosquitoes
  4 nagas (Snake:1)
  The ghost of Jynxie the Cudgeler, an amateur GrBe of Trog (D:3)
  2 wargs
  15 water moccasins
  4 acid dragons
  26 orc warriors
  10 porcupines
  2 sky beasts (D:10)
  6 ice beasts
  3 slaves (D:4)
  3 black bears
  7 boggarts
  18 ogres
  A phantom (D:7)
  An eye of draining (D:13)
  21 wolves
  23 centaurs
  8 crocodiles
  17 bullfrogs
  A big kobold (D:14)
  A wyvern zombie (D:9)
  6 scorpions
  26 killer bees
  11 howler monkeys
  26 wights
  4 electric eels (D:7)
  5 centaur zombies
  2 bullfrog zombies
  3 crimson imps
  3 bullfrog skeletons (D:8)
  3 hounds
  10 jellies
  A gnoll shaman (D:4)
  21 orc priests
  24 orc wizards
  5 iguanas
  5 hell rats (Lair:5)
  12 worker ants
  A killer bee zombie (D:8)
  A hound skeleton (D:7)
  A howler monkey zombie (D:7)
  24 adders
  4 gnolls (D:4)
  A worker ant zombie (D:9)
  A howler monkey skeleton (D:7)
  5 shadow imps
  3 oozes
  An adder zombie (D:8)
  3 adder skeletons
  3 worms
  The ghost of emperorscorpion the Sneak, a weakling FoAs (D:15)
  2 dart slugs (D:3)
  9 leopard geckos
  89 orcs
  A ball python (Lair:3)
  6 giant cockroaches
  5 hobgoblins
  5 jackals
  4 kobolds
  4 quokkas
  7 bats
  4 frilled lizards
  A giant cockroach zombie (D:5)
  4 goblins
  A leopard gecko zombie (D:4)
  A quokka skeleton (D:4)
  11 rats
  2 fungi
  A plant (Lair:3)
839 creatures vanquished.

Vanquished Creatures (collateral kills)
  A hydra (Lair:2)
  A shock serpent (Snake:1)
  An orc knight (Orc:2)
  A spiny frog (Lair:6)
  4 yaks (Lair:2)
  A naga (Snake:1)
  6 ice beasts (IceCv)
  2 orc warriors (Orc:2)
  A crocodile (Lair:6)
  2 orc priests (Orc:2)
  4 orcs (Orc:2)
24 creatures vanquished.

Vanquished Creatures (others)
  An ugly thing (IceCv)
  A naga (Snake:1)
  An orc priest (D:3)
  2 orcs (D:3)
  A hobgoblin (D:3)
  A kobold (D:3)
  3 fungi
  A plant (D:7)
11 creatures vanquished.

Grand Total: 874 creatures vanquished

Notes
Turn   | Place    | Note
-------+----------+-------------------------------------------
     0 | D:1      | Mgcat the Draconian Berserker began the quest for the Orb.
     0 | D:1      | Reached XP level 1. HP: 19/19 MP: 1/1
   362 | D:1      | Reached XP level 2. HP: 27/27 MP: 2/2
   777 | D:2      | Reached skill level 4 in Fighting
   777 | D:2      | Reached XP level 3. HP: 19/33 MP: 3/3
  1168 | D:2      | Reached skill level 4 in Axes
  1218 | D:2      | Reached ** piety under Trog
  1224 | D:2      | Reached XP level 4. HP: 40/41 MP: 4/4
  1322 | D:2      | Noticed an ogre
  1704 | D:3      | Noticed Jynxie's ghost (amateur GrBe)
  1726 | D:3      | Killed Jynxie's ghost
  1726 | D:3      | Reached skill level 5 in Fighting
  1726 | D:3      | Reached skill level 5 in Axes
  1726 | D:3      | Reached XP level 5. HP: 40/48 MP: 5/5
  2001 | D:3      | Reached XP level 6. HP: 47/57 MP: 6/6
  2315 | D:4      | Reached skill level 6 in Fighting
  2319 | D:4      | Found a snail-covered altar of Cheibriados.
  2321 | D:4      | Found an iron altar of Okawaru.
  2469 | D:4      | Reached *** piety under Trog
  2486 | D:4      | Found a sacrificial altar of Ru.
  2575 | D:4      | Noticed a slave
  2576 | D:4      | Noticed Pikel
  2577 | D:4      | Noticed a slave
  2593 | D:4      | Gained mutation: You evolve. [potion of mutation]
  2593 | D:4      | Gained mutation: Your tail ends in a poisonous barb. [potion of mutation]
  2599 | D:4      | HP: 13/58 [something (3)]
  2604 | D:4      | HP: 9/58 [something (6)]
  2611 | D:4      | Found a staircase to the Ecumenical Temple.
  2615 | Temple   | Entered the Ecumenical Temple
  2817 | D:4      | Noticed a slave
  2820 | D:4      | Noticed a slave
  2837 | D:4      | Killed a slave
  2843 | D:4      | Killed a slave
  2848 | D:4      | Killed a slave
  3081 | D:4      | Killed Pikel
  3081 | D:4      | Reached skill level 7 in Fighting
  3081 | D:4      | Reached skill level 7 in Axes
  3081 | D:4      | Your scales start taking on a rich purple colour.
  3081 | D:4      | Reached XP level 7. HP: 67/67 MP: 7/7
  3156 | D:4      | Reached XP level 8. HP: 74/74 MP: 8/8
  3211 | D:4      | Reached skill level 8 in Fighting
  3678 | D:5      | Entered Level 5 of the Dungeon
  3678 | D:5      | Noticed Grinder
  3692 | D:5      | Killed Grinder
  3740 | D:5      | Noticed Menkaure
  3750 | D:5      | Killed Menkaure
  3750 | D:5      | Reached skill level 9 in Fighting
  3750 | D:5      | Reached skill level 8 in Axes
  3800 | D:5      | Gained mutation: Your flesh is heat resistant. (rF+) [evolution]
  4037 | D:5      | Noticed a moth of wrath
  4041 | D:5      | Found a bloodstained altar of Trog.
  4157 | D:5      | Found a hazy altar of Hepliaklqana.
  4813 | D:6      | Reached XP level 9. HP: 73/85 MP: 9/9
  4826 | D:6      | Reached skill level 9 in Axes
  5132 | D:6      | HP: 17/85 [acid (9)]
  5137 | D:6      | HP: 12/85 [poisoned by a worker ant]
  5143 | D:6      | HP: 16/85 [poisoned by a worker ant]
  5150 | D:6      | HP: 20/85 [poisoned by a worker ant]
  5155 | D:6      | HP: 15/85 [worker ant (7)]
  5160 | D:6      | HP: 15/85 [worker ant (6)]
  5165 | D:6      | HP: 18/85 [poisoned by a worker ant]
  5426 | D:6      | Reached skill level 10 in Fighting
  5753 | D:6      | Found a shattered altar of Ashenzari.
  5778 | D:6      | Found Geuty's Book Shop.
  6175 | D:7      | Found an opulent altar of Gozag.
  6448 | D:7      | Reached skill level 10 in Axes
  6462 | D:7      | Reached skill level 11 in Fighting
  6765 | D:7      | Reached **** piety under Trog
  6788 | D:7      | Identified a scroll of acquirement
  7820 | D:7      | Reached XP level 10. HP: 90/96 MP: 10/10
  8016 | D:8      | Noticed a two-headed ogre
  8027 | D:8      | Killed a two-headed ogre
  8027 | D:8      | Reached skill level 3 in Dodging
  8027 | D:8      | Reached skill level 1 in Shields
  8156 | D:8      | Noticed a death yak
  8186 | D:8      | Killed a death yak
  8186 | D:8      | Reached skill level 2 in Shields
  8232 | D:8      | Reached skill level 11 in Axes
  8234 | D:8      | Noticed TheNamelessOne's ghost (novice OpTm)
  8240 | D:8      | Killed TheNamelessOne's ghost
  8240 | D:8      | Reached skill level 12 in Fighting
  8240 | D:8      | Reached skill level 4 in Dodging
  8240 | D:8      | Reached skill level 3 in Shields
  8326 | D:8      | Noticed a death yak
  8326 | D:8      | Noticed a death yak
  8326 | D:8      | Noticed a two-headed ogre
  8345 | D:8      | Killed a two-headed ogre
  8434 | D:8      | Reached skill level 4 in Shields
  8478 | D:8      | Found a hide-covered altar of Uskayaw.
  8592 | D:8      | Found a radiant altar of Vehumet.
  8594 | D:8      | Found a burning altar of Makhleb.
  8645 | D:8      | Found a glowing golden altar of the Shining One.
  8647 | D:8      | Noticed a death yak
  8647 | D:8      | Noticed a death yak
  8666 | D:8      | Killed a death yak
  8666 | D:8      | Reached skill level 5 in Dodging
  8666 | D:8      | Reached XP level 11. HP: 105/105 MP: 11/11
  8670 | D:8      | Killed a death yak
  8678 | D:8      | Killed a death yak
  8688 | D:8      | Killed a death yak
  8822 | D:8      | Found a staircase to the Lair.
  9027 | D:9      | Found a stormy altar of Qazlal.
  9051 | D:9      | Noticed a deep elf mage
  9255 | D:9      | Killed a deep elf mage
  9255 | D:9      | Reached skill level 6 in Dodging
  9420 | D:9      | Reached skill level 12 in Axes
  9690 | D:9      | Reached skill level 13 in Fighting
  9777 | D:10     | Entered Level 10 of the Dungeon
  9988 | D:10     | Noticed a two-headed ogre
 10008 | D:10     | Killed a two-headed ogre
 10184 | D:10     | Noticed Snorg
 10200 | D:10     | Killed Snorg
 10589 | D:10     | Noticed a two-headed ogre
 10605 | D:10     | Killed a two-headed ogre
 10605 | D:10     | Reached skill level 7 in Dodging
 10606 | D:10     | Noticed a two-headed ogre
 10658 | D:10     | Killed a two-headed ogre
 10729 | D:10     | Noticed a two-headed ogre
 10736 | D:10     | Killed a two-headed ogre
 10736 | D:10     | Reached XP level 12. HP: 111/115 MP: 12/12
 11356 | D:11     | Noticed a centaur warrior
 11368 | D:11     | Killed a centaur warrior
 11611 | D:11     | Reached ***** piety under Trog
 11826 | D:11     | Got an encrusted flail
 11827 | D:11     | Identified the +8 flail of the Lumpy Realms {freeze, Int+3 Dex+4} (You found it on level 11 of the Dungeon)
 11973 | D:11     | Found a staircase to the Orcish Mines.
 12004 | D:11     | Found a shimmering altar of Xom.
 12005 | D:11     | Found a shimmering altar of Xom.
 12006 | D:11     | Found a shimmering altar of Xom.
 12006 | D:11     | Found a shimmering altar of Xom.
 12007 | D:11     | Found a shimmering altar of Xom.
 12679 | Lair:1   | Entered Level 1 of the Lair of Beasts
 12679 | Lair:1   | Noticed a five-headed hydra
 12690 | D:8      | Killed a five-headed hydra
 12690 | D:8      | Reached skill level 14 in Fighting
 12690 | D:8      | Reached skill level 13 in Axes
 12690 | D:8      | Reached skill level 8 in Dodging
 12701 | D:8      | Gained mutation: You are dopey. (Int -2) [evolution]
 13839 | Lair:1   | Found a shimmering altar of Xom.
 14162 | Lair:2   | Noticed a five-headed hydra
 14377 | Lair:2   | Killed a five-headed hydra
 14420 | Lair:2   | Found a frozen archway.
 14441 | IceCv    | Entered an ice cave
 14446 | IceCv    | Reached skill level 9 in Dodging
 14453 | IceCv    | Found a transporter.
 15345 | Lair:2   | You fall through a shaft!
 15472 | Lair:3   | Reached XP level 13. HP: 87/125 MP: 13/13
 15631 | Lair:3   | Reached skill level 15 in Fighting
 15706 | Lair:3   | HP: 23/126 [polar bear (16)]
 15913 | Lair:3   | Gained mutation: Your muscles are strong. (Str +2) [evolution]
 16096 | Lair:3   | Found the +3 salamander hide armour {+Rage rF++}
 16115 | Lair:3   | Reached skill level 14 in Axes
 16363 | Lair:3   | Found a staircase to the Snake Pit.
 16515 | Lair:3   | Noticed Prince Ribbit
 16839 | Lair:2   | Killed Prince Ribbit
 16983 | Lair:2   | Reached skill level 10 in Dodging
 17805 | Lair:4   | Got an ancient glaive
 17898 | Lair:4   | Noticed Nessos
 17908 | Lair:4   | Killed Nessos
 18311 | Lair:4   | Received a gift from Trog
 18581 | Lair:4   | Found a staircase to the Shoals.
 18922 | Lair:5   | Got a pair of translucent boots
 18933 | Lair:5   | Identified the cursed -3 pair of boots "Fois" {Int+2} (You found it on level 5 of the Lair of Beasts)
 18948 | Lair:5   | Lost mutation: You are dopey. (Int -2) [evolution]
 19559 | Lair:5   | Reached skill level 16 in Fighting
 20322 | Lair:6   | Entered Level 6 of the Lair of Beasts
 20567 | Lair:6   | Reached XP level 14. HP: 88/137 MP: 14/14
 21031 | Lair:6   | Reached skill level 11 in Dodging
 21100 | Lair:6   | Reached skill level 15 in Axes
 21627 | Lair:6   | Found a runed door.
 21628 | Lair:6   | Found a viscous altar of Jiyva.
 22011 | Lair:6   | Found a staircase to the Slime Pits.
 22089 | Lair:4   | Identified the +7 glaive "Qivekaz" {chop, rC- Int+3 Dex+4} (You found it on level 4 of the Lair of Beasts)
 22226 | Orc:1    | Entered Level 1 of the Orcish Mines
 22254 | Orc:1    | HP: 25/138 [orc warrior/glaive (33)]
 22255 | Orc:1    | HP: 7/138 [orc warrior/halberd (19)]
 22260 | D:11     | HP: 26/138 [orc warrior/halberd (13)]
 22663 | Orc:2    | Entered Level 2 of the Orcish Mines
 22737 | Orc:2    | HP: 33/138 [orc knight/battleaxe (24)]
 23034 | Orc:2    | Noticed Donald
 23046 | Orc:2    | Noticed a stone giant
 23051 | Orc:2    | HP: 39/207 [Donald/long sword of holy wrath (22)]
 23054 | Orc:2    | Killed Donald
 23298 | Orc:2    | Killed a stone giant
 23388 | Orc:2    | HP: 44/207 [orc priest/divine providence (11)]
 23446 | Orc:1    | Lost mutation: Your tail ends in a poisonous barb. [evolution]
 23838 | Orc:2    | Paralysed by an orc sorcerer for 3 turns
 23847 | Orc:2    | Received a gift from Trog
 23922 | Orc:2    | Found Quinan's Book Shop.
 23922 | Orc:2    | Found Hawuph's Weapon Shoppe.
 23924 | Orc:2    | Found Foiplaba's Magic Scroll Shop.
 23924 | Orc:2    | Found Faschiuk's Magic Scroll Shoppe.
 23932 | Orc:2    | Bought a scroll of fog for 28 gold pieces
 23932 | Orc:2    | Bought 3 scrolls of fog for 84 gold pieces
 23932 | Orc:2    | Bought a scroll of brand weapon for 280 gold pieces
 23932 | Orc:2    | Bought a scroll of magic mapping for 49 gold pieces
 23933 | Orc:2    | Bought a scroll of enchant weapon for 75 gold pieces
 23933 | Orc:2    | Bought a scroll of enchant armour for 75 gold pieces
 24062 | Orc:2    | Reached skill level 17 in Fighting
 24062 | Orc:2    | Reached skill level 12 in Dodging
 24162 | Orc:2    | Found a staircase to the Elven Halls.
 24306 | Orc:2    | Found a roughly hewn altar of Beogh.
 24560 | D:12     | Found an opulent altar of Gozag.
 25137 | D:12     | Lost mutation: You evolve. [evolution]
 25317 | D:13     | Noticed Rupert
 25323 | D:13     | Killed Rupert
 25323 | D:13     | Reached skill level 16 in Axes
 25323 | D:13     | Reached XP level 15. HP: 147/147 MP: 15/15
 25437 | D:13     | Received a gift from Trog
 25445 | D:13     | Found a gate to the Vaults.
 26561 | D:13     | Received a gift from Trog
 26717 | D:13     | Noticed Erolcha
 26729 | D:13     | Killed Erolcha
 26828 | D:14     | Noticed Sonja
 26985 | D:14     | Reached skill level 13 in Dodging
 27025 | D:14     | HP: 32/149 [tengu conjurer/bolt of lightning (21)]
 27030 | D:13     | HP: 28/149 [poisoned by a skeletal warrior]
 27363 | D:14     | Killed Sonja
 27363 | D:14     | Reached skill level 18 in Fighting
 27597 | D:14     | Found an ancient bone altar of Kikubaaqudgha.
 27661 | D:14     | HP: 32/149 [centaur/arrow[a centaur warrior] (12)]
 28081 | D:14     | Received a gift from Trog
 28424 | D:15     | Entered Level 15 of the Dungeon
 28460 | D:15     | Found an iron altar of Okawaru.
 28661 | D:15     | HP: 37/149 [poisoned by a wolf spider]
 28666 | D:15     | HP: 30/149 [poisoned by a wolf spider]
 28671 | D:15     | HP: 27/149 [poisoned by a wolf spider]
 28676 | D:15     | HP: 25/149 [poisoned by a wolf spider]
 28681 | D:15     | HP: 23/149 [poisoned by a wolf spider]
 28686 | D:15     | HP: 23/149 [poisoned by a wolf spider]
 28693 | D:15     | HP: 24/149 [poisoned by a wolf spider]
 28701 | D:15     | HP: 24/149 [poisoned by a wolf spider]
 28742 | D:15     | Reached skill level 17 in Axes
 28899 | D:15     | Reached XP level 16. HP: 151/158 MP: 16/16
 29368 | D:15     | Noticed emperorscorpion's ghost (weakling FoAs)
 29377 | D:15     | Killed emperorscorpion's ghost
 29472 | D:15     | Found a staircase to the Depths.
 30246 | Snake:1  | Entered Level 1 of the Snake Pit
 30654 | Snake:1  | HP: 28/159 [naga sharpshooter/arrow (17)]
 30654 | Snake:1  | HP: 3/159 [naga/glaive (25)]
 30660 | Snake:1  | HP: 10/159 [poisoned by a naga (splash of poison)]
 30664 | Snake:1  | Shot with an arrow by a naga sharpshooter

Vault maps used:
D:1:      co_arrival_square_in_a_square_in_a_square
D:2:      lightli_corner_chamber
D:3:      first_ration, minmay_misc_feat_plants, lemuel_old_faithful
D:4:      minmay_diamond_boxcup, nicolae_ru_awakened_eye,
          nicolae_overflow_hidden_temple, minmay_temple_entry_enclosed_plants,
          bh_walls_and_bars, uniq_pikel
D:5:      lemuel_crystal_altar, tgw_trog, uniq_menkaure, uniq_grinder
D:6:      cheibrodos_ashenzari_chains, serial_shops, shop
D:7:      hangedman_cross_stitches, serial_bayou, serial_bayou_pond_b,
          serial_bayou_lagoon_b, serial_bayou_lake_a, serial_bayou_ford_a,
          basic_altar
D:8:      grunt_temple_overflow_lords_of_destruction,
          eat_drink_and_be_merry_uskayaw, tso_oasis_becter, dpeg_lair_monsters
D:9:      nicolae_qazlal_style_of_elements
D:10:     uniq_snorg
D:11:     orc_0_dummy, the_bakery, xom_shifter_show
D:12:     grunt_gozag_statues
D:13:     david_vaults_3, special_room, uniq_erolcha
D:14:     kennysheep_flooded_box, minivault_1, minmay_pinched_square, uniq_sonja
D:15:     grunt_enter_depths_snipers, basic_altar
Temple:   pf_slime_end_temple
Lair:1:   lemuel_centaur_altar, infiniplex_staircase_pool_2
Lair:2:   portal_ice_cave_rime, st_stairs_12, beast_lair_carwin_2,
          lemuel_fruit_fields
Lair:3:   minmay_snake_entry_six_corridors, hangedman_lair_generics_rect,
          uniq_prince_ribbit2
Lair:4:   elwin_shoals_entry_stream, grunt_megastairs_5, lemuel_fruit_fields,
          lemuel_fruit_tree, uniq_nessos
Lair:5:   minivault_26
Lair:6:   minmay_lair_end_enchanted_forest, slime_altar_2
Snake:1:  nicolae_snake_horde_hoard, minmay_shop_grove
Orc:1:    bloody_makhleb, uniq_urug
Orc:2:    grunt_orc_tribal_feast, minmay_orc_temple_c, uniq_donald
IceCv:    ice_cave_statue_garden_teleport

Skill      XL: |  1  2  3  4  5  6  7  8  9 10 11 12 13 14 15 |
---------------+----------------------------------------------+-----
Fighting       | 4 5 7 9 11 12 13 14 16 17 18 | 18.7
Axes           | 4 5 7 8 10 11 12 13 14 16 17 | 17.4
Dodging        | 5 7 9 10 12 13 | 13.9
Shields        | 4 |  4.0

Action                   |  1- 3 |  4- 6 |  7- 9 | 10-12 | 13-15 | 16-18 || total
-------------------------+-------+-------+-------+-------+-------+-------++-------
Melee: Hand axe          |    90 |   190 |   123 |       |       |       ||   403
       Tailslap          |     6 |    24 |    51 |    93 |   282 |    38 ||   494
       War axe           |       |       |   205 |   552 |   582 |       ||  1339
       Broad axe         |       |       |       |    31 |   876 |   172 ||  1079
       Flail             |       |       |       |     7 |     8 |       ||    15
Invok: Berserk           |       |     5 |     7 |    23 |    32 |     3 ||    70
       Trog's Hand       |       |     2 |     8 |    10 |    19 |     1 ||    40
       Brothers in Arms  |       |       |       |     3 |     3 |     2 ||     8
 Abil: Breathe Dispellin |       |       |    15 |    16 |     9 |     3 ||    43
Evoke: Wand              |       |       |     2 |     5 |     4 |       ||    11
  Use: Potion            |       |     8 |       |     8 |     8 |     2 ||    26
       Scroll            |       |     2 |    16 |     7 |    17 |     2 ||    44
 Stab: Sleeping          |       |       |     1 |     3 |       |       ||     4
       Distracted        |       |       |       |     1 |     2 |     1 ||     4
       Paralysed         |       |       |       |       |     3 |       ||     3
       Confused          |       |       |       |       |       |     1 ||     1
  Eat: Chunk             |     1 |     7 |    25 |    46 |    61 |     3 ||   143
       Ration            |       |     1 |     1 |     5 |     7 |     2 ||    16
Armor: Skin              |    31 |    65 |   105 |   117 |   266 |    22 ||   606
Dodge: Dodged            |    56 |    94 |   195 |   328 |   878 |   110 ||  1661
Block: Buckler           |       |       |     1 |   113 |   359 |    31 ||   504
       Reflection        |       |       |     1 |    10 |     9 |     3 ||    23

Table legend:
 A = Spawn XP
 B = Non-spawn XP
 C = Spawn XP percentage of total XP
 D = Spawn monster count
 E = Non-spawn monster count
 F = Spawn count percentage of total count
 G = Total turns spent on level
                    A         B        C        D         E        F      G
               +---------+---------+-------+---------+---------+-------+---------
         Total |       0 |  177659 |   0.0 |       0 |     859 |   0.0 | 30664
               +---------+---------+-------+---------+---------+-------+---------
           D:1 |       0 |      21 |   0.0 |       0 |      10 |   0.0 |   695
           D:2 |       0 |      97 |   0.0 |       0 |      21 |   0.0 |   948
           D:3 |       0 |     311 |   0.0 |       0 |      31 |   0.0 |   692
           D:4 |       0 |    1272 |   0.0 |       0 |      31 |   0.0 |  1198
           D:5 |       0 |     769 |   0.0 |       0 |      26 |   0.0 |  1041
           D:6 |       0 |    1300 |   0.0 |       0 |      23 |   0.0 |  1491
           D:7 |       0 |    1795 |   0.0 |       0 |      31 |   0.0 |  2033
           D:8 |       0 |   10265 |   0.0 |       0 |      47 |   0.0 |  1341
           D:9 |       0 |    1102 |   0.0 |       0 |      13 |   0.0 |   654
          D:10 |       0 |    6436 |   0.0 |       0 |      22 |   0.0 |  1354
          D:11 |       0 |    3392 |   0.0 |       0 |      34 |   0.0 |  1502
          D:12 |       0 |    6802 |   0.0 |       0 |      23 |   0.0 |  1043
          D:13 |       0 |   23486 |   0.0 |       0 |      94 |   0.0 |  1624
          D:14 |       0 |   18708 |   0.0 |       0 |      54 |   0.0 |  1292
          D:15 |       0 |   29506 |   0.0 |       0 |      58 |   0.0 |  1666
        Lair:1 |       0 |    5585 |   0.0 |       0 |      28 |   0.0 |  1621
        Lair:2 |       0 |    6827 |   0.0 |       0 |      28 |   0.0 |  1697
        Lair:3 |       0 |   10000 |   0.0 |       0 |      45 |   0.0 |  1394
        Lair:4 |       0 |    8244 |   0.0 |       0 |      16 |   0.0 |  1181
        Lair:5 |       0 |    3345 |   0.0 |       0 |      19 |   0.0 |  1409
        Lair:6 |       0 |   13587 |   0.0 |       0 |      61 |   0.0 |  1748
       Snake:1 |       0 |    4460 |   0.0 |       0 |      14 |   0.0 |   418
         Orc:1 |       0 |    3629 |   0.0 |       0 |      23 |   0.0 |   734
         Orc:2 |       0 |   14613 |   0.0 |       0 |      97 |   0.0 |  1234
         IceCv |       0 |    2107 |   0.0 |       0 |      10 |   0.0 |   424
               +---------+---------+-------+---------+---------+-------+---------

Vault maps used:
D:1:      co_arrival_square_in_a_square_in_a_square
D:2:      lightli_corner_chamber
D:3:      first_ration, minmay_misc_feat_plants, lemuel_old_faithful
D:4:      minmay_diamond_boxcup, nicolae_ru_awakened_eye,
          nicolae_overflow_hidden_temple, minmay_temple_entry_enclosed_plants,
          bh_walls_and_bars, uniq_pikel
D:5:      lemuel_crystal_altar, tgw_trog, uniq_menkaure, uniq_grinder
D:6:      cheibrodos_ashenzari_chains, serial_shops, shop
D:7:      hangedman_cross_stitches, serial_bayou, serial_bayou_pond_b,
          serial_bayou_lagoon_b, serial_bayou_lake_a, serial_bayou_ford_a,
          basic_altar
D:8:      grunt_temple_overflow_lords_of_destruction,
          eat_drink_and_be_merry_uskayaw, tso_oasis_becter, dpeg_lair_monsters
D:9:      nicolae_qazlal_style_of_elements
D:10:     uniq_snorg
D:11:     orc_0_dummy, the_bakery, xom_shifter_show
D:12:     grunt_gozag_statues
D:13:     david_vaults_3, special_room, uniq_erolcha
D:14:     kennysheep_flooded_box, minivault_1, minmay_pinched_square, uniq_sonja
D:15:     grunt_enter_depths_snipers, basic_altar
Temple:   pf_slime_end_temple
Lair:1:   lemuel_centaur_altar, infiniplex_staircase_pool_2
Lair:2:   portal_ice_cave_rime, st_stairs_12, beast_lair_carwin_2,
          lemuel_fruit_fields
Lair:3:   minmay_snake_entry_six_corridors, hangedman_lair_generics_rect,
          uniq_prince_ribbit2
Lair:4:   elwin_shoals_entry_stream, grunt_megastairs_5, lemuel_fruit_fields,
          lemuel_fruit_tree, uniq_nessos
Lair:5:   minivault_26
Lair:6:   minmay_lair_end_enchanted_forest, slime_altar_2
Snake:1:  nicolae_snake_horde_hoard, minmay_shop_grove
Orc:1:    bloody_makhleb, uniq_urug
Orc:2:    grunt_orc_tribal_feast, minmay_orc_temple_c, uniq_donald
IceCv:    ice_cave_statue_garden_teleport

Table legend:
 A = Turns spent in this place as a percentage of turns spent in the entire game.
 B = Non-inter-level travel turns spent in this place as a percentage of non-inter-level travel turns spent in the entire game.
 C = Inter-level travel turns spent in this place as a percentage of turns spent in this place.
 D = Turns resting spent in this place as a percentage of non-inter-level travel turns spent in this place.
 E = Turns spent auto-exploring this place as a percentage of non-inter-level travel turns spent in this place.
 F = Non-inter-level travel turns spent in this place divided by the number of levels of this place that you've seen.
                   A       B       C       D       E      F
               +-------+-------+-------+-------+-------+----------------------
         Total | 100.0 | 100.0 |   5.1 |  13.1 |  63.3 | 1119.1
       Dungeon |  60.6 |  60.1 |   5.8 |  12.6 |  63.1 | 1166.1
        Temple |   0.8 |   0.8 |   0.0 |  90.9 |   0.0 | 230.0
          Lair |  29.5 |  29.7 |   4.6 |   6.8 |  73.0 | 1438.7
     Snake Pit |   1.4 |   1.4 |   0.2 |   8.4 |  57.8 | 417.0
  Orcish Mines |   6.4 |   6.5 |   3.3 |  34.8 |  34.2 | 951.5
      Ice Cave |   1.4 |   1.5 |   0.0 |  27.6 |  48.1 | 424.0
               +-------+-------+-------+-------+-------+----------------------

Table legend:
 A = Kills in this place as a percentage of kills in entire the game.
 B = Kills by you in this place as a percentage of kills by you in the entire game.
 C = Kills by friends in this place as a percentage of kills by friends in the entire game.
 D = Other kills in this place as a percentage of other kills in the entire game.
 E = Experience gained in this place as a percentage of experience gained in the entire game.
 F = Experience gained in this place divided by the number of levels of this place that you have seen.
                   A       B       C       D       E      F
               +-------+-------+-------+-------+-------+----------------------
         Total | 100.0 | 100.0 | 100.0 | 100.0 | 100.0 | 6833.0
       Dungeon |  60.3 |  62.2 |   0.0 |   0.0 |  59.2 | 7017.5
          Lair |  22.9 |  22.8 |  29.2 |   0.0 |  26.8 | 7931.3
     Snake Pit |   1.6 |   1.3 |   8.3 |  50.0 |   2.5 | 4460.0
  Orcish Mines |  14.0 |  13.3 |  37.5 |   0.0 |  10.3 | 9121.0
      Ice Cave |   1.2 |   0.4 |  25.0 |  50.0 |   1.2 | 2107.0
               +-------+-------+-------+-------+-------+----------------------
